 Dungeon Crawl Stone Soup version 0.29.0-10-g45618ea6d2 (webtiles) character file.

Game seed: 5438690894985123583

7317 Persephone the Grappler (level 10, -3/98 HPs)
             Began as a Troll Berserker on Sept 2, 2022.
             Was an Elder of Trog.
             Slain by a gnoll bouda
             ... wielding a +0 whip
              (9 damage)
             ... on level 8 of the Dungeon.
             The game lasted 00:16:07 (7369 turns).

Persephone the Grappler (Troll Berserker)           Turns: 7369, Time: 00:16:08

Health: -3/98      AC:  5    Str: 31    XL:     10   Next: 90%
Magic:  9/9        EV: 10    Int:  3    God:    Trog [****..]
Gold:   637        SH:  0    Dex:  9    Spells: 9/9 levels left

rFire   . . .      SeeInvis .     - Unarmed
rCold   . . .      Faith    .   (no shield)
rNeg    . . .      Spirit   .   t - +1 robe of Wadwof {Harm}
rPois   +          Reflect  .   (helmet restricted)
rElec   .          Harm     +   (no cloak)
rCorr   .          Rampage  .   (gloves unavailable)
Will    ++...                   (boots unavailable)
Stlth   +.........              y - amulet of regeneration
HPRegen 2.86/turn               F - ring of poison resistance
MPRegen 0.11/turn               (no ring)

@: about to teleport, weakened, strong-willed, on berserk cooldown,
regenerating, slowed, very slow
A: large, unfitting armour, claws 3, regeneration 1, shaggy fur 1, tough skin 1
a: Renounce Religion, Berserk, Trog's Hand, Brothers in Arms


You were on level 8 of the Dungeon.
You worshipped Trog.
Trog was greatly pleased with you.
You visited 1 branch of the dungeon, and saw 9 of its levels.

You collected 637 gold pieces.

Inventory:

Hand Weapons
 z - a +0 short sword of venom
Missiles
 g - a javelin
 j - 2 throwing nets
Armour
 s - a +1 animal skin
 t - the +1 robe of Wadwof (worn) {Harm}
   (You found it on level 5 of the Dungeon)

   Harm:      It increases damage dealt and taken.
Jewellery
 k - a ring of magical power
 n - a ring of ice
 y - an amulet of regeneration (around neck)
 F - a ring of poison resistance (left claw)
Wands
 o - a wand of roots (6) (quivered)
 q - a wand of flame (14)
Scrolls
 b - 5 scrolls of teleportation
 h - 7 scrolls of poison
 r - a scroll of enchant armour
 u - a scroll of enchant weapon
 w - 3 scrolls of identify
 x - a scroll of blinking
 B - a scroll of fear
Potions
 a - a potion of brilliance {unknown}
 c - 2 potions of might
 d - a potion of mutation
 e - 5 potions of curing
 f - 3 potions of heal wounds
 i - 2 potions of ambrosia {unknown}
 l - 3 potions of lignification {unknown}
 m - 3 potions of flight {unknown}
 p - 2 potions of haste
 v - a potion of degeneration {unknown}
 A - 2 potions of attraction {unknown}
 C - a potion of cancellation {unknown}
 D - a potion of berserk rage {unknown}


   Skills:
 + Level 5.7 Fighting
 + Level 7.3 Throwing
 + Level 5.0 Armour
 - Level 2.4 Dodging
 * Level 12.2 Unarmed Combat


You had 9 spell levels left.
You didn't know any spells.
Your spell library was empty.

Dungeon Overview and Level Annotations

Branches:
Dungeon (9/15)             Temple (0/1) D:4            Lair (0/5) D:8
    Orc: D:9-12

Altars:
Ashenzari
Dithmenos
Elyvilon
Gozag
Hepliaklqana
Kikubaaqudgha
Nemelex Xobeh
Okawaru
Trog
Xom
The Shining One

Shops:
D:4 [   D:8 (

Portals:
Abyss: D:5

Annotations:
D:5 2 transporters, freelancePsychic's ghost, amateur KoNe


Innate Abilities, Weirdness & Mutations

You are too large for most types of armour.
You have claws for hands.
Your natural rate of healing is unusually fast.
You are covered in fur. (AC +1)
You have tough skin. (AC +1)


Message History

The gnoll hits you with a +0 whip.
The kobold brigand hits you with a +0 dagger!
Your library has no spells.
Unknown command.
The gnoll hits you but does no damage. The gnoll hits you with a +0 whip.
The wyvern bites you!
The gnoll hits you from afar with a +0 halberd!
The gnoll bouda barks out a call to the hunt!
The gnoll picks up the pace!
You climb upwards.
You feel a strong urge to attack something.
You feel sick.
You are no longer poisoned.
There is a stone staircase leading down, spattered with blood here.
You are too injured to fight recklessly!
Unknown command.
You are too injured to fight recklessly!
Unknown command.
You are too injured to fight recklessly!
Unknown command.
You are too injured to fight recklessly!
You mangle the gnoll!!
You kill the gnoll!
Trog accepts your kill. The gnoll completely misses you.
The kobold brigand barely misses you.
You are no longer berserk.
You are exhausted.
You feel yourself slow down.
The gnoll bouda hits you with a +0 whip.
* * * LOW HITPOINT WARNING * * *
There is an open door here.
Things that are here:
a +0 whip; a gnoll corpse
As you read the scroll of teleportation, it crumbles to dust.
You feel strangely unstable. The wyvern bites you!
* * * LOW HITPOINT WARNING * * *
The gnoll misses you. The wyvern bites you!
* * * LOW HITPOINT WARNING * * *
The gnoll bouda hits you with a +0 whip!
You die...

####### ##........
#.....# #..#######
#.....# ##.#######
#.....#####........#
#^....##.......)...#
#.....##...#.......#
#..(K).....#.......##
#..glg.....+..<....'.
####@###'###.......##
#.#.......#######.
#.#.......# #.
#)#.......# #.
#.#.......#######.
#####'###+#####.....'.
#.........# #.#####.
#.........# #.# #.
#......>..# #.# #.


You could see a wyvern, a kobold brigand, a gnoll bouda (swift) and a gnoll
(swift).

Vanquished Creatures
  2 two-headed ogres (D:8)
  An elephant (D:8)
  Joseph (D:7)
  A tengu conjurer (D:7)
  6 yaks (D:8)
  A wyvern (D:8)
  A basilisk (D:8)
  Menkaure (D:4)
  Edmund (D:4)
  2 water moccasins
  2 ice beasts
  2 orc warriors
  2 ogres
  4 black bears
  2 centaurs
  A kobold brigand (D:8)
  3 phantoms (D:5)
  A bullfrog (D:6)
  2 necrophages
  A gnoll sergeant (D:8)
  4 scorpions
  7 wights
  12 killer bees
  2 howler monkeys
  2 hounds
  A gnoll bouda (D:9)
  3 orc priests
  Jessica (D:2)
  4 iguanas
  Natasha (twice) (D:2)
  6 orc wizards
  Robin (D:2)
  9 gnolls
  7 adders
  A shadow imp (D:7)
  7 dart slugs
  21 orcs
  10 ball pythons
  3 bats
  8 endoplasms
  10 giant cockroaches
  18 goblins
  13 hobgoblins
  3 jackals
  2 quokkas
  5 frilled lizards
  25 kobolds
  4 rats
228 creatures vanquished.

Notes
Turn   | Place    | Note
-------+----------+-------------------------------------------
     0 | D:1      | Persephone the Troll Berserker began the quest for the Orb.
     0 | D:1      | Reached XP level 1. HP: 22/22 MP: 0/0
    67 | D:1      | Reached XP level 2. HP: 29/29 MP: 1/1
   233 | D:1      | Reached skill level 4 in Unarmed Combat
   397 | D:1      | Reached XP level 3. HP: 32/36 MP: 2/2
   834 | D:2      | Reached ** piety under Trog
   835 | D:2      | Noticed Robin
   847 | D:2      | Killed Robin
   895 | D:2      | Reached XP level 4. HP: 44/44 MP: 3/3
   903 | D:2      | Reached skill level 1 in Throwing
   961 | D:2      | Found a faded altar of an unknown god.
   961 | D:2      | Noticed a shining eye
   965 | D:2      | Noticed a golden eye
   965 | D:2      | Noticed a golden eye
   965 | D:2      | Noticed a floating eye
  1063 | D:2      | Noticed Natasha
  1081 | D:2      | Killed Natasha
  1082 | D:2      | Reached skill level 5 in Unarmed Combat
  1155 | D:2      | Noticed Jessica
  1163 | D:2      | Killed Jessica
  1172 | D:2      | Reached XP level 5. HP: 50/50 MP: 4/4
  1476 | D:3      | Found a hazy altar of Hepliaklqana.
  1729 | D:3      | Found an ancient bone altar of Kikubaaqudgha.
  1997 | D:3      | Found an iron altar of Okawaru.
  2070 | D:3      | Found a bloodstained altar of Trog.
  2085 | D:3      | Reached *** piety under Trog
  2387 | D:4      | Reached skill level 6 in Unarmed Combat
  2514 | D:4      | Reached XP level 6. HP: 46/59 MP: 5/5
  2532 | D:4      | Found a white marble altar of Elyvilon.
  2649 | D:4      | Reached skill level 7 in Unarmed Combat
  2649 | D:4      | Reached XP level 7. HP: 66/66 MP: 6/6
  2817 | D:4      | Found a glowing golden altar of the Shining One.
  2832 | D:4      | Noticed Menkaure
  2836 | D:4      | Killed Menkaure
  2837 | D:4      | Reached skill level 8 in Unarmed Combat
  2955 | D:4      | Noticed Edmund
  2956 | D:4      | Found a staircase to the Ecumenical Temple.
  2966 | D:4      | Killed Edmund
  3065 | D:4      | Reached XP level 8. HP: 65/74 MP: 7/7
  3088 | D:4      | Found an opulent altar of Gozag.
  3269 | D:4      | Found Tokoyo's Dragon-Slaying Spoils.
  3401 | D:2      | Noticed Natasha
  3405 | D:2      | Killed Natasha
  3718 | D:5      | Entered Level 5 of the Dungeon
  3758 | D:5      | Found a transporter.
  3939 | D:5      | Noticed freelancePsychic's ghost (amateur KoNe)
  3949 | D:5      | Found a one-way gate to the infinite horrors of the Abyss.
  4016 | D:5      | Reached skill level 1 in Armour
  4021 | D:5      | Reached skill level 9 in Unarmed Combat
  4106 | D:5      | Reached skill level 5 in Throwing
  4111 | D:5      | Identified the +1 robe of Wadwof {Harm}
  4256 | D:5      | Found a shimmering altar of Xom.
  4256 | D:5      | Found a shadowy altar of Dithmenos.
  4284 | D:5      | Found a transporter.
  4498 | D:6      | Reached XP level 9. HP: 83/83 MP: 8/8
  4659 | D:6      | Reached **** piety under Trog
  4890 | D:6      | Reached skill level 10 in Unarmed Combat
  4989 | D:6      | Found a sparkling altar of Nemelex Xobeh.
  5393 | D:7      | Noticed Joseph
  5404 | D:7      | Killed Joseph
  5467 | D:7      | Found a broken altar of Ashenzari.
  5563 | D:7      | Noticed a tengu conjurer
  5574 | D:7      | Killed a tengu conjurer
  6115 | D:8      | Reached skill level 11 in Unarmed Combat
  6115 | D:8      | Reached XP level 10. HP: 75/94 MP: 9/9
  6317 | D:8      | Found a staircase to the Lair.
  6317 | D:8      | Noticed an elephant
  6320 | D:8      | Noticed a two-headed ogre
  6321 | D:8      | Reached skill level 5 in Fighting
  6328 | D:8      | Killed an elephant
  6330 | D:8      | Killed a two-headed ogre
  6330 | D:8      | Noticed a two-headed ogre
  6339 | D:8      | Killed a two-headed ogre
  6340 | D:8      | Reached skill level 12 in Unarmed Combat
  6793 | D:8      | Found Ydana's Weapon Shoppe.
  7039 | D:8      | Reached skill level 5 in Armour
  7369 | D:8      | Slain by a gnoll bouda

Illustrated notes

Levels and vault maps discovered:
D:1:      dpeg_arrival_erosion, layout_basic
D:2:      layout_basic, hellmonk_ecumenical_altar_watching_god, uniq_jessica,
          uniq_robin, uniq_natasha
D:3:      layout_loops_ring, marbit_many_paths, trog_hazing_becter,
          mainiacjoe_overflow_catwalk, mainiacjoe_overflow_surrounded_room,
          gup_sewer_entry_glass, minmay_crystal_water, minmay_cut_off
D:4:      layout_loops_ring, lemuel_round_altar, grunt_gozag_breadcrumbs,
          elyvilon_altar_5, minmay_temple_entry_antechambers,
          nicolae_shop_dragon_depot, minmay_quadrilaterals, uniq_edmund,
          uniq_menkaure
D:5:      layout_basic, gammafunk_temple_overflow_pools,
          gammafunk_ghost_abyssal_escape, st_stairs_1
D:6:      layout_rooms, nemelex_altar_shiori, minivault_26, grunt_decor_clamped,
          minivault_22
D:7:      nicolae_cairo_tiling_large_dashed, layout_basic,
          cheibrodos_ashenzari_chains, minmay_three_doors, uniq_joseph
D:8:      layout_basic, david_lair_generic, serial_shops,
          nicolae_shop_bloodbath_and_beyond
D:9:      layout_cave_pools, zin_statuary, kennysheep_mini_moat

Skill      XL: |  1  2  3  4  5  6  7  8  9 10 |
---------------+-------------------------------+-----
Unarmed Combat | 4 5 6 7 8 9 11 12 | 12.2
Throwing       | 1 2 3 4 5 6 7 |  7.3
Armour         | 2 3 5 |  5.0
Fighting       | 3 4 5 |  5.7
Dodging        | |  2.4

Action                   |  1- 3 |  4- 6 |  7- 9 | 10-12 || total
-------------------------+-------+-------+-------+-------++-------
Melee: Unarmed           |    61 |   124 |   240 |   105 ||   530
       Punch             |     1 |     3 |    11 |     2 ||    17
Throw: Javelin           |    22 |    15 |     2 |       ||    39
       Throwing net      |       |     2 |     1 |       ||     3
       Boomerang         |       |       |     3 |       ||     3
Invok: Berserk           |     1 |     1 |     6 |     4 ||    12
       Trog's Hand       |     1 |     1 |     6 |     5 ||    13
  Use: Scroll            |       |    11 |     1 |     5 ||    17
 Stab: Held in net/web   |       |     1 |       |       ||     1
Armor: Animal skin       |    17 |    46 |    29 |       ||    92
       Robe              |       |       |    39 |    41 ||    80
Dodge: Dodged            |    28 |    52 |    98 |   102 ||   280
